 Dungeon Crawl Stone Soup version 0.29-a0-194-g6e3aafee17 (webtiles) character file.

Game seed: 13185913684303456260

3264 jlumianski the Firebug (level 9, -13/55 HPs)
             Began as a Demonspawn Fire Elementalist on Feb 23, 2022.
             Was a Follower of Hepliaklqana.
             Killed from afar by Harold (32 damage)
             ... with a bolt of acid
             ... on level 7 of the Dungeon.
             The game lasted 00:58:46 (10510 turns).

jlumianski the Firebug (DsFE)                      Turns: 10510, Time: 00:58:47

Health: -13/55     AC:  8    Str: 13    XL:     9   Next: 68%
Magic:  13/19      EV: 12    Int: 22    God:    Hepliaklqana [*.....]
Gold:   462        SH:  0    Dex: 14    Spells: 12/21 levels left

rFire   + . .      SeeInvis .   G - +5 dire flail (drain)
rCold   . . .      Faith    .   (shield currently unavailable)
rNeg    + + .      Spirit   .   i - +0 leather armour
rPois   .          Reflect  .   z - +0 hat of Card Tricks {Rampage rN++}
rElec   .          Harm     .   I - +2 cloak
rCorr   .          Rampage  +   (no gloves)
Will    .....                   (no boots)
Stlth   ++........              w - amulet of the acrobat
HPRegen 0.18/turn               r - +6 ring of intelligence
MPRegen 0.16/turn               d - ring of protection from fire

@: no status effects
A: reduced essence, molten scales 1, powered by death 2, demonic touch 2
a: Renounce Religion, Recall Ancestor, Ancestor Identity


You were on level 7 of the Dungeon.
You worshipped Hepliaklqana.
Hepliaklqana was aware of your devotion.
You visited 2 branches of the dungeon, and saw 11 of its levels.
You also visited: Bailey.

You collected 462 gold pieces.

Inventory:

Hand Weapons
 e - a +0 dagger
 j - a +1 dagger of freezing
 l - a +0 hand axe
 o - the +9 rapier of Bost {protect, *Slow Dex+8}
   (You found it on level 7 of the Dungeon)

   It grants its wielder temporary protection when it strikes (+7 to AC).
   Dex:       It affects your dexterity (+8).
   *Slow:     It may slow you when you take damage.
 t - a +0 short sword
 v - a +3 battleaxe
 G - a +5 dire flail of draining (weapon)
 H - a +5 long sword
Missiles
 m - 136 stones
 E - 5 poisoned darts
 K - 13 boomerangs (quivered)
 Q - 6 javelins
Armour
 a - a +0 robe
 i - a +0 leather armour (worn)
 s - a +2 helmet
 z - the +0 hat of Card Tricks (worn) {Rampage rN++}
   (You acquired it on level 7 of the Dungeon)

   rN:        It greatly protects you from negative energy.
   Rampage:   It bestows one free step when moving towards enemies.
 I - a +2 cloak (worn)
Magical Staves
 M - a staff of earth
Jewellery
 c - a ring of protection from cold
 d - a ring of protection from fire (right hand)
 h - a ring of protection from cold
 r - a +6 ring of intelligence (left hand)
 w - an amulet of the acrobat (around neck)
 y - a ring of protection from cold
 A - a ring of poison resistance
Wands
 f - a wand of charming (6)
 B - a wand of acid (7)
 F - a wand of iceblast (3)
 J - a wand of polymorph (5)
Scrolls
 g - a scroll of noise
 k - 5 scrolls of teleportation
 q - a scroll of immolation
 O - a scroll of holy word {unknown}
 P - a scroll of blinking
 R - a scroll of enchant weapon {unknown}
Potions
 b - a potion of resistance
 n - 2 potions of ambrosia
 p - a potion of degeneration
 u - a potion of haste
 x - a potion of attraction {unknown}
 C - a potion of might {unknown}
 D - a potion of curing {unknown}
 L - a potion of cancellation {unknown}
 N - a potion of magic {unknown}


   Skills:
 + Level 2.7 Fighting
 + Level 1.9 Short Blades
 + Level 3.9 Maces & Flails
 + Level 3.5 Armour
 + Level 3.4 Dodging
 + Level 4.1 Stealth
 + Level 6.7 Spellcasting
 + Level 3.4 Conjurations
 + Level 6.8 Fire Magic
 + Level 0.3 Evocations


You had 12 spell levels left.
You knew the following spells:

 Your Spells              Type           Power      Damage    Failure   Level
a - Foxfire               Conj/Fire      100%       2x1d9     1%          1
b - Scorch                Fire           74%        2d9       1%          2
c - Searing Ray           Conj           44%        2d6       3%          2
d - Sticky Flame          Conj/Fire      29%        2d5       13%         4

Your spell library contained the following spells:

 Spells                   Type           Power      Damage    Failure   Level
 Magic Dart               Conj           88%        1d7       2%          1
 Conjure Flame            Conj/Fire      29%        6-21      3%          3
 Static Discharge         Conj/Air       15%        N/A       8%          2
 Inner Flame              Hex/Fire       22%        N/A       8%          3
 Sandblast                Erth           14%        2d6       11%         1
 Sting                    Tmut/Pois      28%        1d4       11%         1
 Flame Wave               Conj/Fire      29%        2d8       13%         4
 Passwall                 Tmut/Erth      5%         N/A       16%         2
 Poisonous Vapours        Pois/Air       14%        N/A       16%         2
 Stone Arrow              Conj/Erth      30%        3d8       16%         3
 Fulminant Prism          Conj/Hex       7%         3d7       45%         4
 Dispel Undead            Necr           7%         3d8       71%         4
 Olgreb's Toxic Radiance  Pois           7%         N/A       71%         4
 Summon Cactus Giant      Summ           3%         N/A       100%        6


Dungeon Overview and Level Annotations

Branches:
Dungeon (10/15)            Temple (1/1) D:6          Bailey (visited)
   Lair: D:8-11         Orc: D:9-12

Altars:
Dithmenos
Elyvilon
Fedhas
Gozag
Hepliaklqana
Kikubaaqudgha
Nemelex Xobeh
Okawaru
Qazlal
Sif Muna
Trog
Uskayaw
Xom
Zin
The Shining One

Shops:
D:2 :   D:7 ?:   D:8 (

Annotations:
D:2 1 runed translucent door, Crazy Yiuf
D:7 Harold, Joseph


Innate Abilities, Weirdness & Mutations

Your life essence is reduced to manifest your ancestor. (-10% HP)
You are partially covered in molten scales. (AC +2)
You regenerate health from kills.
Your touch may inflict irresistible damage on your foes.


Message History

Things that are here:
a +0 shortbow; a centaur corpse You swap places.
Ancestor HP restored.
Harold shouts!
Harold says, "Ah, this is what I got into this business for!"
Harold zaps a wand.
The bolt of acid misses you.
Harold drinks a potion.
Harold flickers and vanishes!
Deactivating autopickup; reactivate with Ctrl-A.
A throwing net appears from out of thin air!
The throwing net barely misses you.
Found 11 gold pieces.
Something closely misses you.
You hit something but do no damage. Something hits you!
Casting: Sticky Flame (dangerous; 13% risk of failure)
Confirm with . or Enter, or press ? or * to list all spells.
Flames lash something.
Eadwine hits something but does no damage.
Something hits you!!
Unknown command.
Okay, then.
Casting: Scorch (safe; 1% risk of failure)
Confirm with . or Enter, or press ? or * to list all spells.
Aiming: Sticky Flame (dangerous; 13% risk of failure)
Press: ? - help, Shift-Dir - straight line The sticky flame hits something but does no damage.
Harold is covered in liquid flames!
Harold burns!
Eadwine hits Harold but does no damage.
Harold barely misses you.
You puncture Harold! You drain Harold.
Harold is moderately wounded.
Harold burns!
Eadwine hits Harold but does no damage.
Harold barely misses you.
You hit Harold but do no damage.
Harold is heavily wounded.
Harold burns!
Eadwine hits something.
Something hits Eadwine.
Eadwine hits something.
You completely miss something.
You hear a zap.
A bolt of acid appears from out of thin air!
The bolt of acid hits you!!
Ouch! That really hurt!
You die...

******** #.# *,,,,,,,*,,,,,,,#...
,,,,,,,* #.# *,,,,,,,*,,,,,,,#...
******,* #.# *,,,,,,,*,,,,,,,#...
******,* #.# **,,,,,***,,,,,**#..
,,,,,..# #.#####,,,** **,,,** *#.
*****#.###.....##+######*+#######
#.##..###..........,,.......
#.##.## #..R......$,,.......
#.##.# #(.@{......,,.......
###.##.# ####+######*+#######
#....#.####**,,,** **,,,** *#.
#.#.##....#*,,,,,***,,,,,**#..
####..#.#.####,,,,,,,*,,,,,,,#...
.....###..# *,,,,,,,*,,,,,,,#...
.####.#.#.# *,,,,,,,*,,,,,,,*,,,
[#####.##.# **,,,,,***,,,,,***,,
....#####.# **,,,** **,,,#####,


You could see the friendly Eadwine the ancestor.

Vanquished Creatures
  Prince Ribbit (D:6)
  Grinder (D:6)
  A steam dragon (D:6)
  Duvessa (D:6)
  A water moccasin (D:7)
  2 sky beasts
  4 orc warriors
  An ice beast (D:5)
  2 ogres (D:5)
  The ghost of dolemite99 the Bolt Thrower, an amateur HOHu of Hepliaklqana (D:5)
  2 centaurs (D:7)
  A phantom (D:5)
  Blork the orc (D:6)
  A bullfrog (D:8)
  A scorpion (D:5)
  Dowan (D:6)
  A water moccasin skeleton (D:3)
  A howler monkey (D:6)
  4 wights (D:6)
  5 jellies
  4 hounds
  4 bullfrog skeletons
  A centaur skeleton (D:7)
  3 iguanas
  Natasha (thrice) (D:3)
  A hound skeleton (D:4)
  2 gnolls (Bailey)
  7 adders
  A shadow imp (D:6)
  3 white imps
  2 ufetubi (D:6)
  3 worms
  5 dart slugs
  12 orcs
  11 endoplasms
  2 giant cockroaches
  9 hobgoblins
  6 jackals
  17 kobolds
  3 quokkas
  4 ball pythons
  3 bats
  4 frilled lizards
  17 goblins
  4 rats
164 creatures vanquished.

Vanquished Creatures (collateral kills)
  An orc wizard (D:7)
  4 orcs
5 creatures vanquished.

Vanquished Creatures (others)
  A sky beast (D:6)
  An ancestor (D:7)
  251 foxfires
  3 fungi (D:2)
256 creatures vanquished.

Grand Total: 425 creatures vanquished

Notes
Turn   | Place    | Note
-------+----------+-------------------------------------------
     0 | D:1      | jlumianski the Demonspawn Fire Elementalist began the quest
                  | for the Orb.
     0 | D:1      | Reached XP level 1. HP: 13/13 MP: 3/3
   199 | D:1      | Gained mutation: You regenerate a little health from kills.
                  | [demonic ancestry]
   199 | D:1      | Reached XP level 2. HP: 10/19 MP: 0/5
   202 | D:1      | Learned a level 2 spell: Scorch
   745 | D:1      | Found a faded altar of an unknown god.
   886 | D:1      | Gained mutation: You are partially covered in molten
                  | scales. (AC +2) [demonic ancestry]
   886 | D:1      | Reached XP level 3. HP: 24/24 MP: 6/6
  1744 | D:2      | Found Ungolor's Book Emporium.
  2239 | D:2      | Found a runed translucent door.
  2240 | D:2      | Noticed Crazy Yiuf
  2397 | D:3      | Reached XP level 4. HP: 30/30 MP: 4/8
  2553 | D:3      | Noticed Natasha
  2559 | D:3      | Killed Natasha
  2684 | D:3      | Reached skill level 1 in Short Blades
  2684 | D:3      | Gained mutation: Your touch may inflict minor irresistible
                  | damage on your foes. [demonic ancestry]
  2684 | D:3      | Reached XP level 5. HP: 29/35 MP: 0/9
  3280 | D:3      | Noticed Natasha
  3286 | D:3      | Killed Natasha
  3358 | D:3      | Noticed Natasha
  3368 | D:3      | Killed Natasha
  3369 | D:3      | Reached skill level 1 in Armour
  3521 | D:4      | Reached skill level 1 in Fighting
  3521 | D:4      | Reached XP level 6. HP: 40/43 MP: 6/11
  4754 | D:5      | Entered Level 5 of the Dungeon
  4807 | D:5      | Gained mutation: Your touch may inflict irresistible damage
                  | on your foes. [demonic ancestry]
  4807 | D:5      | Reached XP level 7. HP: 44/48 MP: 8/13
  5589 | D:5      | Reached skill level 5 in Fire Magic
  5698 | D:5      | Found a transporter.
  5699 | D:5      | Noticed dolemite99's ghost (amateur HOHu)
  5705 | D:5      | Found a transporter.
  5722 | D:5      | Reached skill level 5 in Spellcasting
  6129 | D:5      | Killed dolemite99's ghost
  6130 | D:5      | Reached XP level 8. HP: 54/54 MP: 6/15
  6257 | D:6      | Learned a level 2 spell: Searing Ray
  7171 | D:6      | Noticed Grinder
  7192 | D:6      | Killed Grinder
  7193 | D:6      | Reached skill level 1 in Maces & Flails
  7479 | D:6      | Noticed Duvessa
  7479 | D:6      | Noticed Dowan
  7500 | D:6      | Killed Duvessa
  7502 | D:6      | Killed Dowan
  7618 | D:6      | Found a staircase to the Ecumenical Temple.
  7652 | Temple   | Entered the Ecumenical Temple
  7724 | Temple   | Became a worshipper of Hepliaklqana the Forgotten
  7750 | D:6      | Noticed Prince Ribbit
  7897 | D:6      | Killed Prince Ribbit
  7898 | D:6      | Gained mutation: You regenerate health from kills. [demonic
                  | ancestry]
  7898 | D:6      | Reached XP level 9. HP: 51/61 MP: 12/17
  8130 | D:6      | Noticed Blork the orc
  8360 | D:6      | Killed Blork the orc
  8581 | D:7      | Identified the +9 rapier of Bost {protect, *Slow Dex+8}
  8594 | D:7      | Found a flagged portal.
  8609 | Bailey   | Entered a bailey
  8642 | Bailey   | Noticed an orc warlord
  8991 | Bailey   | Found a runed translucent gate.
  8995 | Bailey   | Found a runed translucent gate.
  8996 | Bailey   | Found a runed translucent gate.
  9054 | Bailey   | Learned a level 4 spell: Sticky Flame
  9366 | D:7      | Acquired the +0 hat of Card Tricks {Rampage rN++}
  9428 | D:7      | Noticed Joseph
  9450 | D:7      | HP: 1/62 [Joseph/+0 quarterstaff (7)]
  9529 | D:7      | Found a blossoming altar of Fedhas.
  9837 | D:7      | Noticed Harold
  9906 | D:7      | Found Gax Udwe's Book Shop.
  9931 | D:7      | Reached * piety under Hepliaklqana
  9975 | D:7      | Found Yplekh's Magic Scroll Emporium.
 10053 | D:7      | You fall into a shaft and drop 3 floors!
 10053 | D:10     | Entered Level 10 of the Dungeon
 10338 | D:8      | Found Ynab's Weapon Shoppe.
 10466 | D:7      | Found an iron altar of Okawaru.
 10510 | D:7      | Killed from afar by Harold

Illustrated notes

Levels and vault maps discovered:
D:1:      dpeg_arrival_refuge, layout_basic,
          hellmonk_ecumenical_altar_pennies_from_heaven
D:2:      layout_loops_ring, serial_shops, nicolae_diamond_shop,
          chequers_serial_rivers_micro_c, uniq_crazy_yiuf_cottage
D:3:      cheibrodos_helix_gallery, layout_loops_ring, marbit_many_paths,
          uniq_natasha
D:4:      layout_cave_pods
D:5:      layout_loops_ring, gammafunk_ghost_smash, hangedman_decor_peaks_small
D:6:      layout_layer_cave, minmay_temple_entry_purple_smoke, uniq_grinder,
          uniq_duvessa, uniq_blork_the_orc, uniq_prince_ribbit1
D:7:      kennysheep_six_static_rooms, layout_loops_ring, fedhas_altar_4,
          okawaru_metal_pillars_1_2, serial_shops, shop, shop, enter_bailey_3,
          grunt_ministairs_13, uniq_harold, uniq_joseph
D:8:      layout_gridville, serial_shops, nicolae_take_the_stairs,
          minmay_manual_monolith
D:9:      wad_lake_hut, layout_basic, mainiacjoe_overflow_chevrons,
          grunt_temple_overflow_open, minmay_misc_feat_columns
D:10:     layout_loops_ring
Temple:   nicolae_temple_hex_pool

Skill      XL: |  1  2  3  4  5  6  7  8  9 |
---------------+----------------------------+-----
Fire Magic     | 3 4 5 6 |  6.8
Dodging        | 2 3 |  3.4
Spellcasting   | 3 4 5 6 |  6.7
Short Blades   | 1 |  1.9
Stealth        | 2 3 4 |  4.1
Armour         | 1 2 3 |  3.5
Fighting       | 1 2 |  2.7
Conjurations   | 2 3 |  3.4
Maces & Flails | 2 3 |  3.9
Evocations     | |  0.3

Action                   |  1- 3 |  4- 6 |  7- 9 || total
-------------------------+-------+-------+-------++-------
Melee: Dagger            |    71 |    53 |    25 ||   149
       Unarmed           |     1 |       |       ||     1
       Punch             |     1 |       |     1 ||     2
       Touch             |       |     7 |     3 ||    10
       Dire flail        |       |       |   121 ||   121
 Cast: Foxfire           |    33 |    42 |    64 ||   139
       Scorch            |    14 |    28 |    39 ||    81
       Searing Ray       |       |       |    11 ||    11
       Sticky Flame      |       |       |     3 ||     3
Evoke: Wand              |       |       |     5 ||     5
  Use: Scroll            |       |     7 |    13 ||    20
       Potion            |       |     2 |     3 ||     5
 Stab: Sleeping          |     2 |     1 |     5 ||     8
Armor: Robe              |     6 |       |       ||     6
       Leather armour    |    19 |    21 |    72 ||   112
Dodge: Dodged            |    52 |    35 |   160 ||   247

Table legend: (Time is in decaauts)
 A = Elapsed time spent in this place.
 B = Non-inter-level travel time spent in this place.
 C = Inter-level travel time spent in this place.
 D = Time resting spent in this place.
 E = Time spent auto-exploring this place.
 F = Levels seen in this place.
 G = Mean time per level.
                   A        B        C        D        E       F      G
               +--------+--------+--------+--------+--------+-----+--------+
         Total |  10547 |  10391 |    156 |   1188 |   6502 |  12 |  878.9 |
       Dungeon |   9730 |   9574 |    156 |    929 |   6451 |  10 |  973.0 |
        Temple |    260 |    260 |      0 |    168 |     51 |   1 |  260.0 |
        Bailey |    556 |    556 |      0 |     91 |      0 |   1 |  556.0 |
               +--------+--------+--------+--------+--------+-----+--------+

Top non-repeatable levels by time:
     D:6: 2011 daAuts
     D:5: 1482 daAuts
     D:1: 1392 daAuts
     D:4: 1236 daAuts
     D:3: 1187 daAuts
     D:7: 1082 daAuts
     D:2: 956 daAuts
  Bailey: 556 daAuts
     D:8: 324 daAuts
  Temple: 260 daAuts
    D:10: 46 daAuts
     D:9: 10 daAuts
